 Seeded DCSS version 0.28.0-53-g5a82cb258f (webtiles) character file.

Game seed: 1 (custom seed)

163 Kazon the Slasher (level 5, -4/41 HPs)
             Began as a Vampire Fighter on July 11, 2022.
             Slain by Grinder (5 damage)
             ... on level 3 of the Dungeon.
             The game lasted 00:05:58 (1426 turns).

Kazon the Slasher (Vampire Fighter)                 Turns: 1426, Time: 00:05:58

Health: -4/41      AC:  6    Str: 19    XL:     5   Next: 20%
Magic:  5/5        EV:  9    Int: 11    God:
Gold:   1102       SH:  9    Dex: 13    Spells: 4/4 levels left

rFire   . . .      SeeInvis +   a - +0 long sword
rCold   . . .      Faith    .   c - +0 buckler
rNeg    . . .      Spirit   .   b - +0 scale mail
rPois   +          Reflect  +   h - +0 helmet
rElec   .          Harm     .   (no cloak)
rCorr   .          Rampage  .   k - +0 pair of gloves
Will    .....                   (no boots)
Stlth   ..........              p - amulet of reflection
HPRegen 0.33/turn               (no ring)
MPRegen 0.09/turn               (no ring)

@: mighty, healing quickly
A: alive, fangs 3, see invisible, vampiric 2, deformed body, poison resistance,
strong 1
a: Exsanguinate


You were on level 3 of the Dungeon.
You visited 1 branch of the dungeon, and saw 3 of its levels.

You collected 1102 gold pieces.

Inventory:

Hand Weapons
 a - a +0 long sword (weapon)
Missiles
 e - 66 stones (quivered)
Armour
 b - a +0 scale mail (worn)
 c - a +0 buckler (worn)
 h - a +0 helmet (worn)
 k - a +0 pair of gloves (worn)
Jewellery
 j - a ring of wizardry
 p - an amulet of reflection (around neck)
Scrolls
 i - 2 scrolls of identify {unknown}
 l - a scroll of magic mapping {unknown}
 n - 2 scrolls of vulnerability {unknown}
 s - a scroll of teleportation {unknown}
Potions
 f - a potion of curing {unknown}
 g - a potion of flight {unknown}
 m - a potion of degeneration {unknown}
 o - a potion of mutation
 q - a potion of ambrosia {unknown}
 r - a potion of heal wounds {unknown}
 t - a potion of haste {unknown}


   Skills:
 + Level 3.1 Fighting
 + Level 3.9 Long Blades
 + Level 1.0 Throwing
 + Level 3.0 Armour
 + Level 0.7 Dodging
 + Level 3.0 Shields


You had 4 spell levels left.
You didn't know any spells.
Your spell library was empty.

Dungeon Overview and Level Annotations

Branches:
Dungeon (3/15)

Altars:

Annotations:
D:3 3 runed translucent doors, Grinder; Sigmund; Wentworth's ghost, amateur DsGl


Innate Abilities, Weirdness & Mutations

Your natural rate of healing is accelerated.
You have razor-sharp teeth.
You have supernaturally acute eyesight. (SInv)
You are afflicted with vampirism and can become a bat while bloodless.
Armour fits poorly on your strangely shaped body.
Your system is resistant to poisons. (rPois)
Your muscles are strong. (Str +2)


Message History

Grinder says, "Mostly I couldn't keep them alive."
Grinder gestures at you.
You suddenly lose the ability to move!
Sigmund gestures at you while chanting. The puff of flame hits you.
You can move again.
Sigmund casts a spell at you. The puff of flame hits you.
You feel very mighty all of a sudden. You block Sigmund's attack.
You slash Sigmund! You bite Sigmund.
Sigmund is heavily wounded.
Sigmund casts a spell at you. The magic dart hits you. Grinder gestures at you.
You resist with significant effort.
You closely miss Sigmund.
Sigmund is heavily wounded.
Sigmund giggles. "Time to reap what you sow."
Sigmund barely misses you. You block Grinder's attack. Grinder gestures at you.
Pain shoots through your body!
You hit Grinder.
Grinder is lightly wounded.
Sigmund barely misses you. Grinder hits you!
You writhe in agony.
You barely miss Sigmund.
Sigmund is heavily wounded.
Sigmund hits you with a +0 scythe!
* * * LOW HITPOINT WARNING * * *
You block Grinder's attack.
You closely miss Sigmund.
Sigmund is heavily wounded.
You block Grinder's attack. You block Sigmund's attack.
Unknown command.
You closely miss Grinder.
Grinder is lightly wounded.
Grinder hits you.
* * * LOW HITPOINT WARNING * * *
You writhe in agony.
You die...

####.##.#####.# . #.##.#
...# #.#.##.# #..# #
#.#....###.#..#
#.##..........#..#
#.......(..####..# ###.
#.......†.# #..###.....
#.....(...####5.....#
#.............@@....#
#+###'########.##........
... ....+..r..... ...
##.###........ ..... #.
#....##.# .... .. #....#
# .... .## #..... .
######.


You could see Grinder, Sigmund and a rat.

Vanquished Creatures
  A hound (D:3)
  A centaur skeleton (D:3)
  Terence (D:2)
  2 adders (D:3)
  A dart slug (D:1)
  3 ball pythons
  5 endoplasms
  3 giant cockroaches (D:1)
  5 goblins
  4 hobgoblins
  12 jackals
  3 kobolds
  A quokka (D:3)
  8 bats
  4 rats
54 creatures vanquished.

Vanquished Creatures (others)
  A plant (D:1)
1 creature vanquished.

Grand Total: 55 creatures vanquished

Notes
Turn   | Place    | Note
-------+----------+-------------------------------------------
     0 | D:1      | Kazon the Vampire Fighter began the quest for the Orb.
     0 | D:1      | Reached XP level 1. HP: 17/17 MP: 1/1
   104 | D:1      | Reached XP level 2. HP: 23/23 MP: 2/2
   278 | D:1      | Found a faded altar of an unknown god.
   693 | D:2      | Gained mutation: You are afflicted with vampirism and can
                  | become a bat while bloodless. [Vampire growth]
   693 | D:2      | Reached XP level 3. HP: 29/29 MP: 3/3
   809 | D:2      | Gained mutation: Armour fits poorly on your strangely
                  | shaped body. [potion of mutation]
   809 | D:2      | Gained mutation: Your muscles are strong. (Str +2) [potion
                  | of mutation]
   809 | D:2      | Gained mutation: Your system is resistant to poisons.
                  | (rPois) [potion of mutation]
   982 | D:2      | Noticed Terence
   988 | D:2      | Killed Terence
  1001 | D:2      | Reached XP level 4. HP: 35/35 MP: 4/4
  1151 | D:3      | Found a runed translucent gate.
  1151 | D:3      | Found a runed translucent gate.
  1152 | D:3      | Found a runed translucent gate.
  1155 | D:3      | Noticed Wentworth's ghost (amateur DsGl)
  1207 | D:3      | Reached skill level 1 in Throwing
  1235 | D:3      | Reached XP level 5. HP: 37/41 MP: 5/5
  1279 | D:3      | Identified a scroll of acquirement
  1279 | D:3      | Acquired 1025 gold pieces
  1410 | D:3      | Noticed Sigmund
  1411 | D:3      | Noticed Grinder
  1413 | D:3      | Paralysed by Grinder for 2 turns
  1426 | D:3      | HP: 1/41 [Grinder (4)]
  1426 | D:3      | Slain by Grinder

Illustrated notes

Levels and vault maps discovered:
D:1:      zelgadis_glass_arrival_small, layout_basic,
          dreamdust_ecumenical_altar_grove
D:2:      layout_rooms, uniq_terence
D:3:      layout_basic, gammafunk_ghost_necromancy, uniq_grinder, uniq_sigmund

Skill      XL: |  1  2  3  4 |
---------------+-------------+-----
Fighting       | 3 |  3.1
Long Blades    | 3 |  3.9
Throwing       | 1 |  1.0
Armour         | 3 |  3.0
Shields        | 3 |  3.0
Dodging        | |  0.7

Action                   |  1- 3 |  4- 6 || total
-------------------------+-------+-------++-------
Melee: Long sword        |    94 |    64 ||   158
       Bite              |    10 |     8 ||    18
Throw: Stone             |    24 |    21 ||    45
  Use: Potion            |     1 |     1 ||     2
       Scroll            |       |     1 ||     1
Armor: Scale mail        |    54 |    36 ||    90
Dodge: Dodged            |    27 |    24 ||    51
Block: Buckler           |    22 |    46 ||    68
       Reflection        |       |     2 ||     2
